 Dungeon Crawl Stone Soup version 0.28.0-53-g5a82cb258f (webtiles) character file.

Game seed: 12267617496486058393

1579 kudzoo the Covert (level 8, -6/40 HPs)
             Began as a Spriggan Enchanter on Aug 6, 2022.
             Was an Initiate of Gozag.
             Mangled by a boulder beetle (29 damage)
             ... on level 6 of the Dungeon on Aug 7, 2022.
             The game lasted 00:59:06 (5623 turns).

kudzoo the Covert (Spriggan Enchanter)              Turns: 5623, Time: 00:59:10

Health: -6/40      AC:  3    Str:  4    XL:     8   Next: 60%
Magic:  6/17       EV: 18    Int: 24    God:    Gozag
Gold:   428        SH:  0    Dex: 16    Spells: 12/17 levels left

rFire   . . .      SeeInvis +   a - +1 dagger (elec)
rCold   . . .      Faith    .   (no shield)
rNeg    . . .      Spirit   .   g - +0 robe
rPois   .          Reflect  .   (helmet restricted)
rElec   .          Harm     .   H - +0 cloak
rCorr   .          Rampage  .   (gloves unavailable)
Will    ++...                   (boots unavailable)
Stlth   ++++......              (no amulet)
HPRegen 0.13/turn               n - ring of willpower
MPRegen 0.15/turn               r - +6 ring of intelligence

@: confusing by touch, very quick
A: very small, no large weapons, unfitting armour, see invisible, speed 3
a: Renounce Religion, Potion Petition, Call Merchant, Bribe Branch


You were on level 6 of the Dungeon.
You worshipped Gozag.
Gozag was aware of your devotion.
You visited 2 branches of the dungeon, and saw 7 of its levels.

You collected 470 gold pieces.
You paid 42 gold pieces to Gozag.

Inventory:

Hand Weapons
 a - a +1 dagger of electrocution (weapon)
 b - a +0 hunting sling
 k - a +2 hand axe of flaming
 p - a +1 dagger
 x - a +1 flail of draining
Missiles
 d - 171 stones (quivered)
 h - 103 arrows
 q - 38 sling bullets
 G - a boomerang
Armour
 g - a +0 robe (worn)
 H - a +0 cloak (worn)
Jewellery
 n - a ring of willpower (left hand)
 r - a +6 ring of intelligence (right hand)
 u - a ring of protection from fire
 B - a ring of willpower
Wands
 z - a wand of iceblast (7)
Scrolls
 f - 2 scrolls of fear {unknown}
 i - a scroll of vulnerability {unknown}
 j - a scroll of enchant weapon {unknown}
 l - 3 scrolls of identify
 m - a scroll of magic mapping {unknown}
 o - a scroll of immolation {unknown}
 v - a scroll of enchant armour {unknown}
 y - 2 scrolls of fog {unknown}
 A - 2 scrolls of brand weapon {unknown}
 C - a scroll of torment {unknown}
 D - 4 scrolls of blinking {unknown}
 F - 3 scrolls of teleportation {unknown}
 I - a scroll of amnesia {unknown}
Potions
 c - a potion of invisibility
 e - 4 potions of heal wounds {unknown}
 s - 3 potions of lignification {unknown}
 t - a potion of haste
 w - a potion of attraction
 E - a potion of curing
 J - 2 potions of flight {unknown}


   Skills:
 * Level 3.2 Fighting
 * Level 3.7 Short Blades
 + Level 4.5 Slings
 + Level 3.4 Dodging
 * Level 8.3 Stealth
 * Level 5.4 Spellcasting
 * Level 6.1 Hexes
 * Level 3.1 Ice Magic


You had 12 spell levels left.
You knew the following spells:

 Your Spells              Type           Power      Damage    Failure   Level
a - Ensorcelled Hibernat  Hex/Ice        56%        N/A       1%          2
b - Confusing Touch       Hex            35%        N/A       1%          3

Your spell library contained the following spells:

 Spells                   Type           Power      Damage    Failure   Level
 Tukima's Dance           Hex            35%        N/A       1%          3
 Dazzling Flash           Conj/Hex       42%        N/A       7%          3
 Ozocubu's Armour         Ice            21%        N/A       7%          3
 Corpse Rot               Necr/Air       12%        N/A       13%         2
 Poisonous Vapours        Pois/Air       12%        N/A       13%         2
 Metabolic Englaciation   Hex/Ice        14%        N/A       34%         5
 Simulacrum               Ice/Necr       7%         N/A       100%        6


Dungeon Overview and Level Annotations

Branches:
Dungeon (6/15)             Temple (1/1) D:4

Altars:
Ashenzari
Cheibriados
Dithmenos
Elyvilon
Gozag
Hepliaklqana
Kikubaaqudgha
Nemelex Xobeh
Okawaru
Qazlal
Ru
Sif Muna
Uskayaw
Vehumet
Wu Jian
Yredelemnul
Zin
The Shining One

Shops:
D:6 :

Annotations:
D:4 exclusion: statue


Innate Abilities, Weirdness & Mutations

You are very small and have problems with some larger weapons.
You are too small for most types of armour.
You have supernaturally acute eyesight. (SInv)
You cover ground extremely quickly. (Speed+++)


Message History

Aiming: Ensorcelled Hibernation (safe; 1% risk of failure)
Press: ? - help, Shift-Dir - straight line, f/p - boulder beetle
Aim: a boulder beetle (chance to affect: 41%)
The boulder beetle resists with some effort.
The boulder beetle bites you!
Casting: Ensorcelled Hibernation (safe; 1% risk of failure)
Confirm with . or Enter, or press ? or * to list all spells.
Aiming: Ensorcelled Hibernation (safe; 1% risk of failure)
Press: ? - help, Shift-Dir - straight line, f/p - boulder beetle
Aim: a boulder beetle (chance to affect: 41%)
The boulder beetle resists with some effort.
The boulder beetle bites you.
Casting: Ensorcelled Hibernation (safe; 1% risk of failure)
Confirm with . or Enter, or press ? or * to list all spells.
Aiming: Ensorcelled Hibernation (safe; 1% risk of failure)
Press: ? - help, Shift-Dir - straight line, f/p - boulder beetle
Aim: a boulder beetle (chance to affect: 41%)
The boulder beetle resists with some effort.
The boulder beetle bites you.
Casting: Ensorcelled Hibernation (safe; 1% risk of failure)
Confirm with . or Enter, or press ? or * to list all spells.
Aiming: Ensorcelled Hibernation (safe; 1% risk of failure)
Press: ? - help, Shift-Dir - straight line, f/p - boulder beetle
Aim: a boulder beetle (chance to affect: 41%)
The boulder beetle looks drowsy...
The helpless boulder beetle fails to defend itself.
You impale the boulder beetle!!
The boulder beetle is moderately wounded.
The boulder beetle leaps!
Memorise Confusing Touch, consuming 3 spell levels and leaving 12?
You start memorising the spell.
You continue memorising. x3
You finish memorising.
Spell assigned to 'b'.
Casting: Ensorcelled Hibernation (safe; 1% risk of failure)
Confirm with . or Enter, or press ? or * to list all spells.
Your hands begin to glow red.
The boulder beetle waves its antennae.
The boulder beetle bites you!!
Ouch! That really hurt!
You die...
Your body crumbles into a pile of gold.

###### #....# #..
+....# #... #....#
...#...####....###
................#
..........B@...#
.........$.....#
+.............#
+######.......#######
..............#
...........[..#
..............#
..............##+###
...####.....).......


You could see a boulder beetle.

Vanquished Creatures
  A steam dragon (D:6)
  A water moccasin (D:5)
  An ice beast (D:5)
  A sky beast (D:5)
  A black bear (D:5)
  A necrophage (D:5)
  An ogre (D:6)
  2 phantoms
  A scorpion (D:5)
  A water moccasin skeleton (D:6)
  4 killer bees (D:6)
  A bullfrog zombie (D:6)
  2 bullfrog skeletons (D:6)
  A centaur skeleton (D:5)
  3 hounds
  A jelly (D:4)
  2 orc priests (D:4)
  An iguana (D:5)
  3 gnolls (D:2)
  4 adders
  14 orcs
  7 ball pythons
  6 bats
  5 endoplasms
  A giant cockroach (D:1)
  9 goblins
  6 hobgoblins
  2 jackals (D:4)
  5 kobolds
  4 quokkas
  4 frilled lizards
  6 rats
102 creatures vanquished.

Notes
Turn   | Place    | Note
-------+----------+-------------------------------------------
     0 | D:1      | kudzoo the Spriggan Enchanter began the quest for the Orb.
     0 | D:1      | Reached XP level 1. HP: 9/9 MP: 5/5
   163 | D:1      | Reached XP level 2. HP: 13/13 MP: 6/6
   171 | D:1      | Learned a level 2 spell: Ensorcelled Hibernation
   885 | D:2      | Reached XP level 3. HP: 14/16 MP: 8/8
   977 | D:2      | Reached skill level 5 in Stealth
  1389 | D:2      | Reached XP level 4. HP: 15/21 MP: 2/9
  1821 | D:3      | Found a faded altar of an unknown god.
  2041 | D:3      | Reached skill level 1 in Fighting
  2445 | D:4      | Reached XP level 5. HP: 26/26 MP: 11/11
  2703 | D:4      | Found a radiant altar of Vehumet.
  2703 | D:4      | Noticed a frost-covered statue
  2710 | D:4      | Found an ornate altar of the Wu Jian Council.
  2901 | D:4      | Reached skill level 6 in Stealth
  2901 | D:4      | Reached skill level 1 in Ice Magic
  3115 | D:4      | Found a staircase to the Ecumenical Temple.
  3185 | Temple   | Entered the Ecumenical Temple
  3347 | Temple   | Became a worshipper of Gozag Ym Sagoz the Greedy
  3521 | D:5      | Entered Level 5 of the Dungeon
  3550 | D:5      | Reached XP level 6. HP: 30/30 MP: 12/12
  3618 | D:5      | Reached skill level 5 in Hexes
  3798 | D:5      | Noticed an ice beast
  3863 | D:5      | Killed an ice beast
  3864 | D:5      | Reached skill level 1 in Slings
  4086 | D:5      | Noticed a sky beast
  4100 | D:5      | Killed a sky beast
  4101 | D:5      | Reached skill level 7 in Stealth
  4101 | D:5      | Reached XP level 7. HP: 28/35 MP: 12/14
  4649 | D:5      | Reached skill level 5 in Spellcasting
  5086 | D:6      | Reached XP level 8. HP: 23/39 MP: 16/16
  5365 | D:6      | Reached skill level 8 in Stealth
  5409 | D:6      | Found Ikusacie's Book Shop.
  5575 | D:6      | Noticed a boulder beetle
  5620 | D:6      | Learned a level 3 spell: Confusing Touch
  5623 | D:6      | Mangled by a boulder beetle

Illustrated notes

Levels and vault maps discovered:
D:1:      dpeg_arrival_yet_another_circle, layout_basic
D:2:      layout_basic, feat_on_display
D:3:      minmay_skewed_foursquare, layout_loops_ring,
          dilly_ecumenical_altar_fadedgnrine, minmay_misc_feat_pillars,
          minmay_misc_feat_roman, minivault_19, minmay_statues_item
D:4:      layout_loops_corners, vehumet_statue,
          pdpol_wu_jian_five_deadly_venoms, minmay_temple_entry_arrows
D:5:      layout_basic
D:6:      layout_gridville, nicolae_overflow_quartered_altars, serial_shops,
          shop, hangedman_abyss_or_decor_passed, uniq_duvessa, uniq_edmund
Temple:   eino_temple_scatter_basement

Skill      XL: |  1  2  3  4  5  6  7  8 |
---------------+-------------------------+-----
Hexes          | 4 5 6 |  6.1
Stealth        | 5 6 7 8 |  8.3
Spellcasting   | 3 4 5 |  5.4
Dodging        | 3 |  3.4
Fighting       | 1 2 3 |  3.2
Ice Magic      | 1 2 3 |  3.1
Short Blades   | 2 3 |  3.7
Slings         | 2 3 4 |  4.5

Action                   |  1- 3 |  4- 6 |  7- 9 || total
-------------------------+-------+-------+-------++-------
Melee: Dagger            |    78 |    68 |    57 ||   203
 Fire: Hunting sling     |       |    11 |    38 ||    49
 Cast: Ensorcelled Hiber |    10 |    31 |    11 ||    52
       Confusing Touch   |       |       |     1 ||     1
  Use: Scroll            |       |       |     3 ||     3
 Stab: Sleeping          |    23 |    35 |    12 ||    70
Armor: Robe              |     5 |     2 |     5 ||    12
Dodge: Dodged            |    55 |    34 |    34 ||   123
